 Dungeon Crawl Stone Soup version 0.19.1 (webtiles) character file.

88 balthal the Charmwright (level 4, 0/30 HPs)
             Began as a High Elf Skald on Dec 15, 2016.
             Slain by Crazy Yiuf
             ... wielding a +4 quarterstaff of chaos
              (4 damage)
             ... on level 2 of the Dungeon.
             The game lasted 00:05:38 (1677 turns).

balthal the Charmwright (High Elf Skald)            Turns: 1677, Time: 00:05:39

Health: 0/30       AC:  6    Str: 12    XL:     4   Next: 30%
Magic:  9/9        EV: 12    Int: 17    God:
Gold:   111        SH:  0    Dex: 15    Spells: 3 memorised, 3 levels left

rFire  . . .     SeeInvis .     a - +0 falchion
rCold  + . .     Gourm    .     b - +1 leather armour
rNeg   . . .     Faith    .     (no shield)
rPois  .         Spirit   .     (no helmet)
rElec  .         Reflect  .     (no cloak)
rCorr  .         Harm     .     (no gloves)
MR     .....                    (no boots)
Stlth  +.........               (no amulet)
                                (no ring)
                                (no ring)

@: lethally poisoned (0 -> -10), infused
A: slimy green scales 1, blink, clever 1, cold resistance 1, subdued magic 1,
sturdy frame 1
a: Blink


You were on level 2 of the Dungeon.
You were not hungry.

You visited 1 branch of the dungeon, and saw 2 of its levels.

You collected 111 gold pieces.

Inventory:

Hand Weapons
 a - a +0 falchion (weapon)
 l - a +0 dagger of speed
Armour
 b - a +1 leather armour (worn)
 f - a +1 robe of fire resistance
Jewellery
 e - an uncursed ring of resist corrosion {unknown}
 g - an uncursed ring of stealth {unknown}
 q - an uncursed amulet of the gourmand {unknown}
Scrolls
 h - a scroll of enchant armour
 i - a scroll of teleportation {unknown}
 k - a scroll of recharging {unknown}
 m - a scroll of amnesia {unknown}
 n - a scroll of magic mapping {unknown}
 p - a scroll of identify {unknown}
Potions
 j - a potion of magic
Books
 c - a book of Battle

   Spells                             Type                      Level
   a - Infusion                       Charms                       1
   b - Shroud of Golubria             Charms/Translocation         2
   c - Song of Slaying                Charms                       2
   d - Spectral Weapon                Hexes/Charms                 3
   e - Regeneration                   Charms/Necromancy            3
Comestibles
 d - 2 bread rations


   Skills:
 + Level 2.5 Fighting
 + Level 3.3 Long Blades
 + Level 1.2 Armour
 + Level 1.4 Dodging
 + Level 0.2 Stealth
 + Level 3.1 Spellcasting
 + Level 4.5 Charms


You had 3 spell levels left.
You knew the following spells:

 Your Spells              Type           Power        Failure   Level  Hunger
a - Infusion              Chrm           ##..         2%          1    None
b - Song of Slaying       Chrm           ##......     4%          2    ##.....
c - Spectral Weapon       Hex/Chrm       #.......     17%         3    ###....


Dungeon Overview and Level Annotations

Branches:
Dungeon (2/15)

Altars:
Xom

Annotations:
D:2 Crazy Yiuf


Innate Abilities, Weirdness & Mutations

You are partially covered in slimy green scales. (AC +2)
You can translocate small distances at will.
Your mind is acute. (Int +2)
Your flesh is cold resistant. (rC+)
Your spells are a little easier to cast, but a little less powerful.
Your movements are slightly less encumbered by armour. (ER -2)


Message History

Your spectral weapon barely misses Crazy Yiuf.
Crazy Yiuf yells, "Flower!"
Crazy Yiuf barely misses you.
It was a potion of curing.
You feel better.
Crazy Yiuf says, "Shower horse hand!"
Crazy Yiuf hits you with a quarterstaff of chaos!
You are poisoned.
You completely miss Crazy Yiuf.
Crazy Yiuf is heavily wounded.
You feel sick.
Your spectral weapon hits Crazy Yiuf but does no damage.
Crazy Yiuf hits you with a quarterstaff of chaos!
* * * LOW HITPOINT WARNING * * *
You hit Crazy Yiuf but do no damage.
Crazy Yiuf is heavily wounded.
* * * LOW HITPOINT WARNING * * *
You feel sick.
Your spectral weapon hits Crazy Yiuf.
Crazy Yiuf waves his quarterstaff at you.
Crazy Yiuf hits you with a quarterstaff of chaos.
You die...

##############
#.........>..#
#............#
#.........####
###.........#
............#
#####
............#
#..)#
............#
#(g.#
............#
#@..#
....#########
##'## ....#
##.# ....#
#.## ....#
##.# ....#
#.## ....#
##.## )...#
#...## ....#
#....#


You could see Crazy Yiuf and a friendly spectral falchion.

Vanquished Creatures
  3 adders (D:2)
  An ooze (D:1)
  A dart slug (D:1)
  2 leopard geckos
  3 ball pythons
  4 bats
  2 giant cockroaches
  6 goblins
  8 hobgoblins
  4 frilled lizards
  11 kobolds
  6 rats
51 creatures vanquished.

Notes
Turn   | Place    | Note
-------+----------+-------------------------------------------
     0 | D:1      | balthal the High Elf Skald began the quest for the Orb.
     0 | D:1      | Reached XP level 1. HP: 14/14 MP: 4/4
    26 | D:1      | Reached skill level 1 in Armour
    76 | D:1      | Reached skill level 4 in Charms
   157 | D:1      | Reached XP level 2. HP: 19/19 MP: 4/6
   161 | D:1      | Learned a level 2 spell: Song of Slaying
   471 | D:1      | Reached XP level 3. HP: 16/24 MP: 5/8
   476 | D:1      | Learned a level 3 spell: Spectral Weapon
   843 | D:1      | Gained mutation: You can translocate small distances at will. [potion of mutation]
   843 | D:1      | Gained mutation: Your mind is acute. (Int +2) [potion of mutation]
   843 | D:1      | Gained mutation: Your spells are a little easier to cast, but a little less powerful. [potion of mutation]
   844 | D:1      | Gained mutation: You are partially covered in slimy green scales. (AC +2) [potion of mutation]
   844 | D:1      | Gained mutation: Your flesh is cold resistant. (rC+) [potion of mutation]
   845 | D:1      | Gained mutation: Your movements are slightly less encumbered by armour. (ER -2) [potion of beneficial mutation]
  1085 | D:2      | Found a shimmering altar of Xom.
  1200 | D:2      | Reached XP level 4. HP: 18/30 MP: 9/9
  1436 | D:2      | Found a runed door.
  1667 | D:2      | Noticed Crazy Yiuf
  1677 | D:2      | Slain by Crazy Yiuf

Skill      XL: |  1  2  3  4 |
---------------+-------------+-----
Armour         | 1 |  1.2
Charms         | 4 |  4.5
Long Blades    | 3 |  3.3
Spellcasting   | 3 |  3.1
Fighting       | |  2.5
Dodging        | |  1.4
Stealth        | |  0.2

Action                   |  1- 3 |  4- 6 || total
-------------------------+-------+-------++-------
Melee: Falchion          |    96 |    30 ||   126
 Cast: Infusion          |     9 |     3 ||    12
       Spectral Weapon   |     5 |     4 ||     9
       Song of Slaying   |       |     1 ||     1
  Use: Potion            |     3 |     2 ||     5
       Scroll            |     3 |       ||     3
  Eat: Chunk             |     2 |       ||     2
       Bread ration      |       |     1 ||     1
Armor: Leather armour    |    25 |    11 ||    36
Dodge: Dodged            |    69 |    26 ||    95
       Rpst.: Falchion   |    15 |     9 ||    24
